 Dungeon Crawl Stone Soup version 0.22.1-1-ga44c0e5 (webtiles) character file.

3138 Fang the Cleaver (level 9, -1/85 HPs)
             Began as a Gargoyle Berserker on Oct 3, 2018.
             Was a High Priest of Trog.
             Slain by a yak (9 damage)
             ... on level 8 of the Dungeon.
             The game lasted 00:08:54 (7036 turns).

Fang the Cleaver (Gargoyle Berserker)               Turns: 7036, Time: 00:08:55

Health: -1/85      AC: 10    Str: 30    XL:     9   Next: 92%
Magic:  9/9        EV: 14    Int: 11    God:    Trog [*****.]
Gold:   452        SH:  0    Dex:  9    Spells: 8/8 levels left

rFire    . . .     SeeInvis .   a - +3 hand axe
rCold    + . .     Gourm    .   (no shield)
rNeg     + + +     Faith    .   b - +0 animal skin
rPois    ∞         Spirit   .   h - +1 helmet
rElec    +         Reflect  .   (no cloak)
rCorr    .         Harm     .   (no gloves)
MR       .....                  (no boots)
Stlth    ..........             A - amulet of Pigriq {+Rage rN+ Int+4}
HPRegen  0.24/turn              q - ring of positive energy
MPRegen  0.11/turn              t - ring of protection from cold

@: berserking, very quick
A: negative energy resistance 1, electricity resistance, unbreathing,
petrification resistance, rot immunity, AC +6
a: Berserk, Trog's Hand, Brothers in Arms, Renounce Religion, Evoke Berserk Rage


You were on level 8 of the Dungeon.
You worshipped Trog.
Trog was extremely pleased with you.
You were very hungry.

You visited 2 branches of the dungeon, and saw 9 of its levels.
You also visited: Sewer.

You collected 452 gold pieces.

Inventory:

Hand Weapons
 a - a +3 hand axe (weapon)
Armour
 b - a +0 animal skin (worn)
 h - a +1 helmet (worn)
Jewellery
 q - a ring of positive energy (left hand)
 t - a ring of protection from cold (right hand)
 A - the amulet of Pigriq (around neck) {+Rage rN+ Int+4}
   (You found it on level 7 of the Dungeon)

   [amulet of rage]

   It affects your intelligence (+4).
   It protects you from negative energy.
   It lets you go berserk.
Wands
 f - a wand of flame (12)
 i - a wand of iceblast (7)
 v - a wand of random effects (22)
 x - a wand of digging (14)
Scrolls
 j - 3 scrolls of teleportation
 k - 5 scrolls of remove curse
 n - a scroll of blinking
Potions
 d - 2 potions of curing
 e - 4 potions of degeneration {unknown}
 g - a potion of might
 l - 5 potions of ambrosia
 m - a potion of magic
 o - 4 potions of heal wounds {unknown}
 p - 3 potions of mutation {unknown}
 r - 2 potions of berserk rage
 w - a potion of brilliance
 z - a potion of invisibility {unknown}
 B - a potion of resistance {unknown}
Comestibles
 c - 16 rations
 D - 6 chunks of flesh


   Skills:
 + Level 7.1 Fighting
 + Level 9.3 Axes
 + Level 2.4 Armour
 + Level 5.6 Dodging
 + Level 4.2 Stealth


You had 8 spell levels left.
You didn't know any spells.
Your spell library was empty.

Dungeon Overview and Level Annotations

Branches:
Dungeon (8/15)             Temple (1/1) D:4
   Lair: D:8-11

Altars:
Ashenzari
Dithmenos
Makhleb
Okawaru
Ru
Sif Muna
Uskayaw
Yredelemnul
The Shining One

Shops:
D:7 *

Annotations:
D:6 3 runed doors, dirtydan's ghost, novice GnWn


Innate Abilities, Weirdness & Mutations

You are resistant to torment.
Your stone body is resilient. (AC +6)
You are immune to poison.
You resist negative energy. (rN+)
You are resistant to electric shocks. (rElec)
You can survive without breathing.
You are immune to petrification.
You are immune to rotting.


Message History

The yak gores you but does no damage.
Unknown command.
You slash the yak!
The yak is severely wounded.
You barely miss the yak. You closely miss the yak. The yak misses you.
Unknown command.
You slash the yak!
You kill the yak!
Trog accepts your kill.
You hit the yak. x2; The yak gores you!
* * * LOW HITPOINT WARNING * * *
Unknown command.
The yak completely misses you. The yak closely misses you. The yak gores you.
* * * LOW HITPOINT WARNING * * *
You see here a yak corpse.
Unknown command.
You slash the yak!
The yak is moderately wounded.
You slash the yak! You hit the yak. The yak gores you!
You die...

#..##.#######.....†....
#................####.#
#.###.###############.#
.. #.# #......# ... #.#
###.###### #.# #..)..#
##.## ###...†.###
#.##..Y#####.........#
#....Y@......#.....#.#
...##..Y#######.....#.#
#....$Y. ###.......
#.....### #.......
#.#### #....... ..
........ . #######


You could see 4 yaks.

Vanquished Creatures
  Sigmund (D:3)
  2 yaks (D:8)
  Grum (D:8)
  A porcupine (D:8)
  2 ice beasts
  2 orc warriors (D:7)
  A sky beast (D:8)
  4 ogres
  3 wolves (D:8)
  2 centaurs (D:5)
  A crocodile (Sewer)
  A big kobold (D:7)
  A bullfrog (D:6)
  A howler monkey (D:6)
  A crimson imp (D:6)
  A jelly (D:6)
  2 orc priests
  3 hounds
  6 orc wizards
  An iguana (D:8)
  Jessica (D:3)
  Natasha (D:3)
  4 worker ants
  A hound skeleton (D:7)
  12 gnolls
  8 adders
  A river rat (D:5)
  A shadow imp (D:7)
  5 oozes
  2 adder skeletons (D:4)
  3 dart slugs
  4 worms
  4 leopard geckos
  28 orcs
  3 ball pythons
  16 bats
  6 giant cockroaches
  10 goblins
  9 hobgoblins
  6 jackals
  3 quokkas
  6 frilled lizards
  18 kobolds
  3 leopard gecko skeletons
  9 rats
  A plant (D:4)
202 creatures vanquished.

Vanquished Creatures (others)
  A worker ant (D:4)
  3 fungi (D:8)
  4 plants (D:8)
8 creatures vanquished.

Grand Total: 210 creatures vanquished

Notes
Turn   | Place    | Note
-------+----------+-------------------------------------------
     0 | D:1      | Fang the Gargoyle Berserker began the quest for the Orb.
     0 | D:1      | Reached XP level 1. HP: 14/14 MP: 1/1
    65 | D:1      | Reached XP level 2. HP: 18/19 MP: 2/2
    66 | D:1      | Reached skill level 3 in Axes
   237 | D:1      | Reached XP level 3. HP: 24/24 MP: 3/3
   519 | D:1      | Reached ** piety under Trog
   760 | D:2      | Found a deep blue altar of Sif Muna.
   792 | D:2      | Reached XP level 4. HP: 26/29 MP: 4/4
   889 | D:2      | Found an iron altar of Okawaru.
   962 | D:2      | Found a shadowy altar of Dithmenos.
  1032 | D:2      | Noticed a hand axe
  1033 | D:2      | Noticed a dagger
  1036 | D:2      | Found a hide-covered altar of Uskayaw.
  1527 | D:3      | Reached *** piety under Trog
  1604 | D:3      | Noticed Sigmund
  1621 | D:3      | Killed Sigmund
  1621 | D:3      | Reached skill level 4 in Axes
  1621 | D:3      | Reached skill level 1 in Stealth
  1621 | D:3      | Reached XP level 5. HP: 34/34 MP: 5/5
  1621 | D:3      | Reached XP level 6. HP: 39/39 MP: 6/6
  1945 | D:3      | Noticed Natasha
  1954 | D:3      | Killed Natasha
  2027 | D:3      | Noticed Jessica
  2032 | D:3      | Killed Jessica
  2249 | D:4      | Reached skill level 5 in Axes
  2249 | D:4      | Reached XP level 7. HP: 44/44 MP: 7/7
  2491 | D:4      | Found a staircase to the Ecumenical Temple.
  2573 | Temple   | Entered the Ecumenical Temple
  2628 | D:4      | Found a sacrificial altar of Ru.
  2770 | D:4      | Reached **** piety under Trog
  2780 | D:4      | Reached skill level 5 in Fighting
  3045 | D:4      | Found a basalt altar of Yredelemnul.
  3203 | D:4      | Found a glowing golden altar of the Shining One.
  3263 | D:4      | Noticed an angel
  3289 | D:5      | Entered Level 5 of the Dungeon
  3376 | D:5      | Reached skill level 6 in Axes
  3379 | D:5      | Reached XP level 8. HP: 26/49 MP: 8/8
  3615 | D:5      | Found a glowing drain.
  3621 | Sewer    | Entered a sewer
  4493 | D:6      | Reached skill level 7 in Axes
  4577 | D:6      | Found a runed gate.
  4578 | D:6      | Found a runed gate.
  4578 | D:6      | Found a runed gate.
  4580 | D:6      | Noticed dirtydan's ghost (novice GnWn)
  4791 | D:6      | Found a burning altar of Makhleb.
  5342 | D:7      | Reached ***** piety under Trog
  5577 | D:7      | Reached XP level 9. HP: 55/55 MP: 9/9
  5654 | D:7      | Got a fine amethyst amulet
  5659 | D:7      | Found Estroulu's General Store.
  5667 | D:7      | Identified the amulet of Pigriq {+Rage rN+ Int+4} (You
                  | found it on level 7 of the Dungeon)
  5700 | D:7      | Reached skill level 5 in Dodging
  5728 | D:7      | Reached skill level 8 in Axes
  6174 | D:7      | Found a shattered altar of Ashenzari.
  6704 | D:8      | Noticed Grum
  6730 | D:8      | Killed Grum
  6903 | D:8      | Reached skill level 9 in Axes
  7036 | D:8      | Slain by a yak

Skill      XL: |  1  2  3  4  5  6  7  8  9 |
---------------+----------------------------+-----
Axes           | 3 4 5 6 7 9 |  9.3
Fighting       | 4 5 7 |  7.1
Dodging        | 2 3 4 5 |  5.6
Stealth        | 1 2 3 4 |  4.2
Armour         | |  2.4

Action                   |  1- 3 |  4- 6 |  7- 9 || total
-------------------------+-------+-------+-------++-------
Melee: Hand axe          |   111 |   167 |   488 ||   766
Invok: Berserk           |       |     3 |    13 ||    16
  Use: Scroll            |       |       |    17 ||    17
 Stab: Sleeping          |       |     1 |     4 ||     5
       Paralysed         |       |       |     1 ||     1
  Eat: Chunk             |       |     7 |    25 ||    32
       Ration            |       |       |     1 ||     1
Armor: Animal skin       |    53 |    49 |   164 ||   266
Dodge: Dodged            |    81 |   118 |   314 ||   513
